 Dungeon Crawl Stone Soup version 0.24.1-14-gf8d2b509d9 (webtiles) character file.

Game seed: 14314455394662179547, levelgen mode: deterministic

44 Curus the Cudgeler (level 3, 0/43 HPs)
             Began as a Demonspawn Berserker on June 3, 2020.
             Was a Believer of Trog.
             Succumbed to an adder's poison
             ... on level 2 of the Dungeon.
             The game lasted 00:08:06 (1083 turns).

Curus the Cudgeler (Demonspawn Berserker)           Turns: 1083, Time: 00:08:06

Health: 0/43       AC:  6    Str: 21 (22) XL:     3   Next: 41%
Magic:  3/3        EV: 12    Int:  7 (8)  God:    Trog [**....]
Gold:   23         SH:  0    Dex: 12 (13) Spells: 2/2 levels left

rFire    . . .     SeeInvis .   a - +0 mace
rCold    . . .     Gourm    .   (no shield)
rNeg     . . .     Faith    .   f - +1 leather armour {rPois}
rPois    +         Spirit   .   (no helmet)
rElec    .         Reflect  .   (no cloak)
rCorr    .         Harm     .   (no gloves)
MR       .....                  (no boots)
Stlth    ..........             (no amulet)
HPRegen  0.14/turn              (no ring)
MPRegen  0.08/turn              (no ring)

@: berserking, lethally poisoned (0 -> -3), very quick
A: thin metallic scales 1
a: Berserk, Trog's Hand, Renounce Religion


You were on level 2 of the Dungeon.
You worshipped Trog.
Trog was pleased with you.
You were hungry.

You visited 1 branch of the dungeon, and saw 2 of its levels.

You collected 23 gold pieces.

Inventory:

Hand Weapons
 a - a +0 mace (weapon)
 d - a +2 mace of holy wrath
Armour
 b - a +0 animal skin
 f - a +1 leather armour of poison resistance (worn)
Scrolls
 e - a scroll of identify
Comestibles
 c - 4 rations
 g - 2 chunks of flesh


   Skills:
 - Level 3.0 Fighting
 + Level 4.1 Maces & Flails
 - Level 1.7 Armour
 - Level 1.7 Dodging


You had 2 spell levels left.
You didn't know any spells.
Your spell library was empty.

Dungeon Overview and Level Annotations

Branches:
Dungeon (2/15)

Altars:

Annotations:
D:2 Natasha


Innate Abilities, Weirdness & Mutations

You are partially covered in thin metallic scales. (AC +2)


Message History

The adder bites you.
* * * LOW HITPOINT WARNING * * *
Natasha mumbles some strange words.
You feel troubled. Natasha claws you but does no damage.
You miss the adder.
The adder is almost dead.
You feel sick. The adder closely misses you.
Natasha hisses.
Natasha claws you!
* * * LOW HITPOINT WARNING * * *
You miss the adder.
The adder is almost dead.
The adder misses you.
You closely miss the adder.
The adder is almost dead.
Natasha closely misses you. The adder bites you but does no damage.
You completely miss the adder.
The adder is almost dead.
You die...

############
#.......[..#
#..........#
#....(.....#
####..S.[.....#
......h@.....#
......######.##
..... #..# ....
##.######## ...
#........# ..
##........# .
#.........#
#.........#
#....>†...#


You could see Natasha and an adder.

Vanquished Creatures
  2 oozes (D:1)
  2 dart slugs (D:1)
  4 bats
  3 giant cockroaches
  2 goblins (D:1)
  4 hobgoblins
  4 jackals (D:2)
  3 kobolds (D:1)
  2 frilled lizards (D:1)
  4 rats (D:1)
30 creatures vanquished.

Notes
Turn   | Place    | Note
-------+----------+-------------------------------------------
     0 | D:1      | Curus the Demonspawn Berserker began the quest for the Orb.
     0 | D:1      | Reached XP level 1. HP: 18/18 MP: 1/1
    60 | D:1      | Reached skill level 3 in Maces & Flails
   100 | D:1      | Gained mutation: You are partially covered in thin metallic
                  | scales. (AC +2) [demonic ancestry]
   100 | D:1      | Reached XP level 2. HP: 13/24 MP: 2/2
   451 | D:1      | Reached XP level 3. HP: 20/29 MP: 3/3
  1013 | D:2      | Reached skill level 4 in Maces & Flails
  1039 | D:2      | Reached ** piety under Trog
  1069 | D:2      | Noticed Natasha
  1080 | D:2      | HP: 1/43 [Natasha (8)]
  1083 | D:2      | Succumbed to an adder's poison

Levels and vault maps discovered:
D:1:      dpeg_arrival_more_subterranean_lakeside_camping, layout_basic,
          st_stairs_14, minmay_pentomino_s4
D:2:      layout_basic, first_ration, lemuel_statue_altar, uniq_natasha

Skill      XL: |  1  2  3 |
---------------+----------+-----
Maces & Flails | 3 4 |  4.1
Fighting       | |  3.0
Armour         | |  1.7
Dodging        | |  1.7

Action                   || total
-------------------------++-------
Melee: Mace              ||   101
Invok: Berserk           ||     1
  Use: Scroll            ||     3
       Potion            ||     1
 Stab: Distracted        ||     1
  Eat: Chunk             ||     1
Armor: Animal skin       ||    11
       Leather armour    ||    35
Dodge: Dodged            ||    95
